 Seeded DCSS version 0.31-a0-977-gc230f8ef24 (webtiles) character file.

Game seed: 14090694939204968925 (custom seed)

334 voltaire321 the Stinger (level 6, 0/44 HPs)
             Began as a Demonspawn Venom Mage on Oct 30, 2023.
             Was an Initiate of Wu Jian.
             Slain by a cerulean imp
             ... wielding a +0 spear
             ... summoned by Natasha
              (2 damage)
             ... on level 3 of the Dungeon.
             The game lasted 00:05:43 (3042 turns).

voltaire321 the Stinger (Demonspawn Venom Mage)     Turns: 3042, Time: 00:05:44

Health: 0/44       AC:  4    Str: 12    XL:     6   Next: 27%
Magic:  10/10      EV: 10    Int: 19    God:    Wu Jian [......]
Gold:   111        SH:  8    Dex: 13    Spells: 9/10 levels left

rFire   + . .        l - +9 whip of the Eternal Void {freeze, *Corrode Str+2 Int+2}
rCold   . . .        p - +0 kite shield
rNeg    . . .        a - +0 robe
rPois   .            (helmet restricted)
rElec   .            (no cloak)
rCorr   .            (no gloves)
SInv    .            (no boots)
Will    .....        (no amulet)
Stlth   ++           u - ring of protection from fire
HPRegen 0.27/turn    (no ring)
MPRegen 0.12/turn

%: corrode self (3%)
@: slowed, very slow
A: horns 1, icy blue scales 1, demonic guardian 1
a: Renounce Religion


You were on level 3 of the Dungeon.
You worshipped Wu Jian.
Wu Jian was noncommittal.
You visited 1 branch of the dungeon, and saw 3 of its levels.

You collected 160 gold pieces.
You spent 49 gold pieces at shops.

Inventory:

Hand Weapons
 i - a +2 vampiric short sword
 l - the +9 whip of the Eternal Void (weapon) {freeze, *Corrode Str+2 Int+2}
   (You found it on level 2 of the Dungeon)

   Str+2:     It affects your strength (+2).
   Int+2:     It affects your intelligence (+2).
   *Corrode:  It may corrode you when you take damage.
Missiles
 q - a throwing net
Armour
 a - a +0 robe (worn)
 p - a +0 kite shield (worn)
Jewellery
 g - an amulet of faith
 u - a ring of protection from fire (left hand)
Wands
 t - a wand of polymorph (8)
Scrolls
 j - 2 scrolls of teleportation {unknown}
 k - a scroll of immolation {unknown}
 m - 2 scrolls of identify {unknown}
 n - a scroll of poison {unknown}
 o - a scroll of amnesia {unknown}
 r - a scroll of noise {unknown}
Potions
 b - a potion of magic
 c - a potion of lignification {unknown}
 d - a potion of degeneration {unknown}
 e - a potion of haste {unknown}
 f - a potion of heal wounds {unknown}
 h - a potion of invisibility {unknown}
 s - a potion of resistance {unknown}


   Skills:
 + Level 2.2 Fighting
 + Level 2.1 Armour
 + Level 2.7 Dodging
 - Level 1.7 Stealth
 + Level 1.3 Shields
 + Level 2.9 Spellcasting
 + Level 2.2 Transmutations
 + Level 3.8 Poison Magic


You had 9 spell levels left.
You knew the following spells:

 Your Spells              Type           Power      Damage    Failure   Level
a - Sting                 Tmut/Pois      56%        1d5       19%         1

Your spell library contained the following spells:

 Spells                   Type           Power      Damage    Failure   Level
 Poisonous Vapours        Pois/Air       20%        N/A       41%         2
 Mephitic Cloud           Conj/Pois/Air  7%         N/A       75%         3
 Olgreb's Toxic Radiance  Pois           17%        N/A       80%         4


Dungeon Overview and Level Annotations

Branches:
Dungeon (3/15)

Altars:
Wu Jian

Shops:
D:2 [

Annotations:
D:3 Grinder, Natasha


Innate Abilities, Weirdness & Mutations

You have a pair of small horns on your head.
You are partially covered in icy blue scales. (AC +2)
A weak demonic guardian rushes to your aid.


Message History

Natasha is moderately wounded.
You block the quokka's attack.
The cerulean imp hits you but does no damage.
The cerulean imp hits you from afar with a +0 spear.
Natasha barely misses you.
The cerulean imp hits you but does no damage.
The quokka barely misses you.
Grinder blinks!
The cerulean imp closely misses you.
The cerulean imp hits you but does no damage.
Natasha mumbles some strange words.
Natasha's front paws start to glow.
Natasha closely misses you.
The cerulean imp hits you with a +2 spear.
The quokka bites you.
The cerulean imp hits you but does no damage.
You hit Natasha. You freeze Natasha.
Natasha is almost dead.
Natasha casts a spell at you. The magic dart hits you. The quokka bites you.
The cerulean imp hits you with a +2 spear.
The cerulean imp hits you but does no damage.
Natasha stares at you and mumbles some strange words.
The magic dart hits you.
* * * LOW HITPOINT WARNING * * *
You block the quokka's attack.
The cerulean imp hits you with a +2 spear.
* * * LOW HITPOINT WARNING * * *
A demonic guardian appears!
You miss Natasha.
Natasha is almost dead.
You block the quokka's attack.
Your ufetubus hits the quokka.
Your ufetubus barely misses the quokka.
The cerulean imp barely misses you. Natasha claws you but does no damage.
The cerulean imp hits you with a +2 spear.
* * * LOW HITPOINT WARNING * * *
Grinder blinks!
The quokka bites your ufetubus.
Your ufetubus hits the quokka.
The quokka dies!
The Council accepts your kill.
The cerulean imp hits you from afar with a +0 spear.
You die...

..........######
....>..........#######
#........#.....##....##
#........#.....##......
...............##....##
.........5.....##....#
#....5J5.#.....##....#
##h5##........####
#.@†#####.(####
..###..5### #.##
..........# #.###
#####...#.# #...#
#...#.# #.#.###
######...# # #.#†..###
.........# #.###...##
########.# #.# ###..##
#.# ..# ##...


You could see Grinder, Natasha, 3 cerulean imps, an endoplasm and a friendly
ufetubus (summoned).

Vanquished Creatures
  Sigmund (D:3)
  Jessica (D:3)
  Natasha (D:3)
  4 gnolls (D:2)
  2 adders
  A worm (D:2)
  A dart slug (D:1)
  6 ball pythons
  4 bats
  2 endoplasms (D:1)
  A giant cockroach (D:1)
  2 goblins (D:1)
  6 hobgoblins
  5 jackals (D:3)
  6 quokkas
  3 frilled lizards
  7 kobolds
  6 rats
59 creatures vanquished.

Vanquished Creatures (collateral kills)
  An adder (D:2)
  A quokka (D:3)
2 creatures vanquished.

Grand Total: 61 creatures vanquished

Notes
Turn   | Place    | Note
-------+----------+-------------------------------------------
     0 | D:1      | voltaire321 the Demonspawn Venom Mage began the quest for
                  | the Orb.
     0 | D:1      | Reached XP level 1. HP: 13/13 MP: 3/3
    27 | D:1      | Reached skill level 1 in Transmutations
   302 | D:1      | Gained mutation: A weak demonic guardian rushes to your
                  | aid. [demonic ancestry]
   302 | D:1      | Reached XP level 2. HP: 20/20 MP: 3/5
   698 | D:1      | You fall into a shaft and drop 1 floor!
   794 | D:2      | Reached skill level 1 in Fighting
   794 | D:2      | Gained mutation: You have a pair of small horns on your
                  | head. [demonic ancestry]
   794 | D:2      | Reached XP level 3. HP: 3/26 MP: 6/6
  1126 | D:2      | Reached skill level 1 in Armour
  1293 | D:1      | Found a faded altar of an unknown god.
  1684 | D:2      | Identified the +9 whip of the Eternal Void {freeze,
                  | *Corrode Str+2 Int+2}
  1894 | D:2      | Reached XP level 4. HP: 13/32 MP: 7/7
  1994 | D:2      | Found Iran Fant's Armour Boutique.
  2002 | D:2      | Bought a +0 kite shield for 49 gold pieces
  2414 | D:3      | Noticed Natasha
  2415 | D:3      | Killed Natasha
  2449 | D:3      | Found an ornate altar of the Wu Jian Council.
  2463 | D:3      | Became a worshipper of the Wu Jian Council
  2498 | D:3      | Gained mutation: You are partially covered in icy blue
                  | scales. (AC +2) [demonic ancestry]
  2498 | D:3      | Reached XP level 5. HP: 38/38 MP: 8/8
  2638 | D:3      | Noticed Jessica
  2642 | D:3      | Killed Jessica
  2925 | D:3      | Noticed Sigmund
  2938 | D:3      | Killed Sigmund
  2939 | D:3      | Reached skill level 1 in Shields
  2939 | D:3      | Reached XP level 6. HP: 29/44 MP: 7/10
  3030 | D:3      | Noticed Natasha
  3031 | D:3      | Noticed Grinder
  3042 | D:3      | HP: 2/44 [cerulean imp/+2 spear[Natasha] (4)]
  3042 | D:3      | Slain by a cerulean imp

Illustrated notes

Levels and vault maps discovered:
D:1:      lightli_arrival_quake, layout_basic,
          hellmonk_ecumenical_altar_run_dry, st_stairs_8
D:2:      layout_loops_corners, serial_shops, shop, minmay_split_cup_small
D:3:      minmay_chambers_of_threes, layout_basic, mainiacjoe_overflow_24_doors,
          st_stairs_5, uniq_natasha, uniq_sigmund, uniq_grinder, uniq_jessica

Skill      XL: |  1  2  3  4  5 |
---------------+----------------+-----
Transmutations | 1 2 |  2.2
Fighting       | 1 2 |  2.2
Dodging        | 2 |  2.7
Armour         | 1 2 |  2.1
Shields        | 1 |  1.3
Stealth        | |  1.7
Spellcasting   | |  2.9
Poison Magic   | |  3.8

Action                     |  1- 3 |  4- 6 || total
---------------------------+-------+-------++-------
  Melee: Dagger            |    20 |       ||    20
         Unarmed           |     2 |       ||     2
         Short sword       |    45 |       ||    45
         Whip              |    14 |    48 ||    62
         Headbutt          |     4 |     4 ||     8
   Cast: Sting             |    17 |     1 ||    18
Ability: Lunge             |       |     4 ||     4
   Stab: Sleeping          |     5 |     3 ||     8
 Armour: Robe              |    38 |    35 ||    73
  Dodge: Dodged            |    51 |    28 ||    79
  Block: Kite shield       |       |    19 ||    19

Table legend: (Time is in decaauts)
 A = Elapsed time spent in this place.
 B = Non-inter-level travel time spent in this place.
 C = Inter-level travel time spent in this place.
 D = Time resting spent in this place.
 E = Time spent auto-exploring this place.
 F = Levels seen in this place.
 G = Mean time per level.
                   A        B        C        D        E       F      G
               +--------+--------+--------+--------+--------+-----+--------+
         Total |   3063 |   2986 |     77 |    481 |   1939 |   3 | 1021.0 |
       Dungeon |   3063 |   2986 |     77 |    481 |   1939 |   3 | 1021.0 |
               +--------+--------+--------+--------+--------+-----+--------+

Top non-repeatable levels by time:
     D:2: 1238 daAuts
     D:1: 1181 daAuts
     D:3: 642 daAuts
